 Dungeon Crawl Stone Soup version 0.28.0-45-g0d030f2227 (webtiles) character file.

Game seed: 1875148935472560306

50 Peloso the Skirmisher (level 3, -2/33 HPs)
             Began as a Minotaur Fighter on Mar 31, 2022.
             Slain by an iguana (5 damage)
             ... on level 2 of the Dungeon.
             The game lasted 00:01:07 (1319 turns).

Peloso the Skirmisher (Minotaur Fighter)            Turns: 1319, Time: 00:01:08

Health: -2/33      AC:  7    Str: 20    XL:     3   Next: 55%
Magic:  2/2        EV:  9    Int:  5    God:
Gold:   30         SH:  4    Dex: 11    Spells: 2/2 levels left

rFire   . . .      SeeInvis .   a - +0 long sword
rCold   . . .      Faith    .   c - +0 buckler
rNeg    . . .      Spirit   .   b - +0 scale mail
rPois   .          Reflect  .   (helmet restricted)
rElec   .          Harm     .   (no cloak)
rCorr   .          Rampage  .   (no gloves)
Will    .....                   (no boots)
Stlth   ..........              (no amulet)
HPRegen 0.11/turn               (no ring)
MPRegen 0.08/turn               (no ring)

@: no status effects
A: horns 2, retaliatory headbutt
a: no special abilities


You were on level 2 of the Dungeon.
You visited 1 branch of the dungeon, and saw 2 of its levels.

You collected 30 gold pieces.

Inventory:

Hand Weapons
 a - a +0 long sword (weapon)
Armour
 b - a +0 scale mail (worn)
 c - a +0 buckler (worn)
Scrolls
 g - a scroll of brand weapon {unknown}
Potions
 d - a potion of might
 e - a potion of flight {unknown}
 f - a potion of invisibility {unknown}


   Skills:
 + Level 4.1 Fighting
 + Level 3.3 Long Blades
 + Level 4.1 Armour
 + Level 0.5 Dodging
 + Level 4.1 Shields


You had 2 spell levels left.
You didn't know any spells.
Your spell library was empty.

Dungeon Overview and Level Annotations

Branches:
Dungeon (2/15)

Altars:


Innate Abilities, Weirdness & Mutations

You have a pair of horns on your head.
You reflexively headbutt those who attack you in melee.


Message History

You block the adder's attack. The adder bites you but does no damage.
The adder bites you but does no damage. The adder barely misses you.
You slash the adder!
The adder is heavily wounded.
You block the adder's attack.
You miss the adder.
The adder is heavily wounded.
The adder bites you but does no damage. The adder bites you.
You are poisoned.
The adder poisons you!
You barely miss the adder. You headbutt the adder.
The adder is almost dead.
You feel sick. The adder bites you but does no damage.
You block the adder's attack.
You closely miss the adder.
The adder is almost dead.
You feel sick. The adder bites you but does no damage.
You closely miss the adder.
The adder is almost dead.
You feel sick. The adder barely misses you. The adder bites you.
You miss the adder.
The adder is almost dead.
You feel sick. The adder bites you but does no damage.
The adder barely misses you.
You slash the adder!
You kill the adder!
You feel sick.
You are no longer poisoned.
The iguana barely misses you.
You hit the iguana but do no damage. The iguana closely misses you.
You closely miss the iguana. You headbutt the iguana!
The iguana is heavily wounded.
The iguana bites you!
* * * LOW HITPOINT WARNING * * *
You barely miss the iguana.
The iguana is heavily wounded.
The iguana bites you.
You die...

#.##.....##
#.##.<.#..###
#.##...##...##
#.##...####..#
.......#####.##
..##.........>#
.#
#...#####..####
.# #...#
#.....# #. .#
#.###@# #.. .#
#..##l# #...
.## ##...K##
#...# ..###
###...##.....#
....#
##...#..(#
.##.# #.#...#
.##.# #...#.#
..#.. #...#.#
#<####
######....#


You could see an iguana and a kobold.

Vanquished Creatures
  2 adders (D:2)
  A dart slug (D:1)
  2 bats (D:1)
  4 endoplasms
  A giant cockroach (D:1)
  2 goblins (D:1)
  5 hobgoblins
  A quokka (D:1)
  5 ball pythons
  2 frilled lizards (D:1)
  2 kobolds (D:1)
  2 rats (D:1)
29 creatures vanquished.

Notes
Turn   | Place    | Note
-------+----------+-------------------------------------------
     0 | D:1      | Peloso the Minotaur Fighter began the quest for the Orb.
     0 | D:1      | Reached XP level 1. HP: 19/19 MP: 0/0
   389 | D:1      | Reached XP level 2. HP: 27/27 MP: 1/1
   429 | D:1      | Found a faded altar of an unknown god.
  1134 | D:2      | Reached XP level 3. HP: 33/33 MP: 2/2
  1319 | D:2      | Slain by an iguana

Illustrated notes

Levels and vault maps discovered:
D:1:      dpeg_arrival_arbitrary_b, layout_loops_corners,
          nicolae_ecumenical_lake_church, minmay_shallow_snake_nest
D:2:      layout_rooms

Skill      XL: |  1  2 |
---------------+-------+-----
Shields        | 4 |  4.1
Fighting       | 4 |  4.1
Armour         | 4 |  4.1
Long Blades    | 3 |  3.3
Dodging        | |  0.5

Action                   || total
-------------------------++-------
Melee: Long sword        ||    69
       Headbutt          ||    11
Armor: Scale mail        ||    31
Dodge: Dodged            ||    29
Block: Buckler           ||    15
